 Seeded DCSS version 0.30-a0-937-ga0a21ad780 (webtiles) character file.

Game seed: 169287705808878618 (custom seed)

13176 bmack86 the Cleaver (level 11, -10/97 HPs)
             Began as a Minotaur Fighter on Mar 24, 2023.
             Was a High Priest of Okawaru.
             Mangled by a very large slime creature (21 damage)
             ... on level 12 of the Dungeon.
             The game lasted 00:33:11 (10302 turns).

bmack86 the Cleaver (Minotaur Fighter)             Turns: 10302, Time: 00:33:11

Health: -10/97     AC: 25    Str: 24    XL:     11   Next: 72%
Magic:  14/14      EV: 13    Int:  5    God:    Okawaru [*****.]
Gold:   233        SH:  6    Dex: 11    Spells: 10/10 levels left

rFire   . . .      SeeInvis .    M - +2 war axe (venom)
rCold   + . .      Faith    .    c - +0 buckler
rNeg    . . .      Spirit   .    V - +2 chain mail {rC+}
rPois   .          Reflect  .    (helmet restricted)
rElec   .          Rampage  .    u - +2 cloak
rCorr   .                        C - +2 pair of gloves
Will    +....                    a - +0 pair of boots of Wu Jian's Hatred {Will+ Slay+2} Stlth
                                 n - amulet of regeneration
HPRegen 1.16/turn                h - +5 ring of evasion
MPRegen 0.14/turn                N - +4 ring of protection

@: no status effects
A: horns 2, retaliatory headbutt
a: Renounce Religion, Heroism, Finesse, Duel


You were on level 12 of the Dungeon.
You worshipped Okawaru.
Okawaru was extremely pleased with you.
You visited 2 branches of the dungeon, and saw 13 of its levels.
You also visited: Sewer and Gauntlet.

You collected 1269 gold pieces.
You spent 1036 gold pieces at shops.

Inventory:

Hand Weapons
 y - a +0 war axe of freezing
 M - a +2 war axe of venom (weapon)
Missiles
 j - 30 poisoned darts
 q - 7 boomerangs (quivered)
 U - 5 javelins
Armour
 a - the +0 pair of boots of Wu Jian's Hatred (worn) {Will+ Slay+2}
   (You acquired it on level 11 of the Dungeon)

   Slay:      It affects your accuracy & damage with ranged weapons and melee
   (+2).
   Will:      It increases your willpower.
 c - a +0 buckler (worn)
 u - a +2 cloak (worn)
 A - the +0 pair of boots "Boigetits" {Will+}
   (You found it in a Gauntlet)

   Will:      It increases your willpower.
 C - a +2 pair of gloves (worn)
 I - a +2 pair of boots
 O - a +1 plate armour
 V - a +2 chain mail of cold resistance (worn)
Jewellery
 b - a ring of ice
 h - a +5 ring of evasion (left hand)
 k - a ring of protection from fire
 m - a +6 ring of strength
 n - an amulet of regeneration (around neck)
 o - an amulet of the acrobat
 B - a ring of flight
 L - a +6 ring of strength
 N - a +4 ring of protection (right hand)
 Q - a ring of positive energy
 R - a ring of poison resistance
Wands
 w - a wand of flame (33)
 D - a wand of light (4)
 J - a wand of polymorph (13)
 K - a wand of mindburst (23)
 W - a wand of roots (1)
Scrolls
 f - 5 scrolls of teleportation
 i - 7 scrolls of fog
 s - a scroll of blinking
 v - 5 scrolls of fear
 P - a scroll of enchant weapon
Potions
 d - 6 potions of might
 e - 5 potions of curing
 g - a potion of haste
 l - 4 potions of heal wounds
 p - a potion of cancellation
 r - 2 potions of flight
 t - 2 potions of berserk rage
 x - 2 potions of magic
 z - a potion of mutation
 E - a potion of resistance {unknown}
 F - 2 potions of brilliance
 G - a potion of ambrosia {unknown}
 H - a potion of invisibility


   Skills:
 + Level 9.5 Fighting
 * Level 12.6 Axes
 + Level 7.3 Throwing
 + Level 9.6 Armour
 + Level 9.6 Shields
 + Level 6.1 Invocations


You had 10 spell levels left.
You didn't know any spells.
Your spell library contained the following spells:

 Spells                   Type           Power      Damage    Failure   Level
 Sting                    Tmut/Pois      0%         1d3       98%         1
 Ensorcelled Hibernation  Hex/Ice        0%         N/A       99%         2
 Poisonous Vapours        Pois/Air       0%         N/A       99%         2
 Portal Projectile        Hex/Tloc       0%         N/A       100%        3
 Spider Form              Tmut/Pois      0%         N/A       100%        3
 Anguish                  Hex/Necr       0%         N/A       100%        4
 Olgreb's Toxic Radiance  Pois           0%         N/A       100%        4
 Blade Hands              Tmut           0%         N/A       100%        5
 Tukima's Dance           Hex            Unusable   N/A       N/A         3

Dungeon Overview and Level Annotations

Branches:
Dungeon (12/15)            Temple (1/1) D:5            Lair (0/5) D:8
    Orc (0/2) D:11          Sewer (visited)         Gauntlet (visited)

Altars:
Ashenzari
Cheibriados
Dithmenos
Elyvilon
Fedhas
Gozag
Hepliaklqana
Kikubaaqudgha
Makhleb
Nemelex Xobeh
Okawaru
Qazlal
Ru
Sif Muna
Trog
Uskayaw
Vehumet
Wu Jian
Xom
Yredelemnul
Zin
The Shining One

Shops:
D:9 =   D:10 *


Innate Abilities, Weirdness & Mutations

You have a pair of horns on your head.
You reflexively headbutt those who attack you in melee.


Message History

The red ugly thing is almost dead.
The red ugly thing gores you but does no damage.
You hit the red ugly thing.
You kill the red ugly thing!
Okawaru accepts your kill.
You can now enter into single combat with a foe.
Okawaru will now gift you equipment as you gain piety.
Unknown command.
The very large slime creature completely misses you.
The slime creature hits you but does no damage.
You see here an ugly thing corpse.
You barely miss the slime creature. You hit the very large slime creature.
The very large slime creature hits you! The slime creature hits you.
You hit the slime creature.
The slime creature is poisoned.
The slime creature is lightly wounded.
You slash the very large slime creature!
The very large slime creature hits you but does no damage.
The slime creature hits you but does no damage.
You hit the slime creature.
The slime creature is lightly wounded.
You hit the very large slime creature.
The very large slime creature closely misses you.
The slime creature closely misses you.
You slice the slime creature!! You headbutt the slime creature.
The slime creature is heavily wounded.
You slash the very large slime creature!
You block the very large slime creature's attack.
The slime creature completely misses you.
You slash the slime creature!
The slime creature is severely wounded.
You slash the very large slime creature!
The very large slime creature hits you!!
* * * LOW HITPOINT WARNING * * *
The slime creature hits you but does no damage.
You hit the slime creature.
Your headbutt misses the slime creature.
The slime creature is almost dead.
You hit the very large slime creature but do no damage.
The very large slime creature hits you!!
You die...

####### #.....## #####
.......## ...(.#
........# #.....#
........#########J.....#
................@J......
....(...#.....####.....#
..<.)....<##.## .####
........####.# #
........#....#
..........####
.........## ........##
^......#######


You could see a very large slime creature and a slime creature (very poisoned).

Vanquished Creatures
  A minotaur (Gauntlet)
  A green death (Gauntlet)
  A two-headed ogre (D:10)
  Pikel (D:7)
  A deep elf pyromancer (D:12)
  An ugly thing (D:12)
  A rust devil (Gauntlet)
  A worldbinder (Gauntlet)
  2 komodo dragons
  Psyche (D:8)
  A troll (D:10)
  A tyrant leech (Gauntlet)
  2 hornets
  A tarantella (shapeshifter) (Gauntlet)
  2 wyverns
  A ynoxinul (Gauntlet)
  Sigmund (D:2)
  2 wraiths
  Eustachio (D:4)
  10 yaks
  2 water moccasins (D:8)
  3 swamp worms (Gauntlet)
  An acid dragon (D:11)
  2 black bears (D:6)
  An orc warrior (D:8)
  3 ogres
  A boggart (Gauntlet)
  4 centaurs
  2 phantoms (D:7)
  4 kobold brigands
  3 scorpions (D:6)
  5 bullfrogs
  A gnoll sergeant (D:10)
  7 wights
  12 killer bees
  2 howler monkeys
  2 electric eels
  3 hounds (D:6)
  6 jellies
  Crazy Yiuf (D:4)
  10 orc priests
  A sleepcap (D:4)
  A gnoll bouda (D:8)
  4 iguanas
  3 iron imps (Gauntlet)
  Jessica (D:2)
  Ijyb (D:5)
  4 orc wizards
  Robin (D:2)
  7 gnolls
  2 river rats (Sewer)
  13 adders
  A shadow imp (D:8)
  3 white imps
  2 ufetubi (D:6)
  5 worms
  2 dart slugs
  29 orcs
  6 endoplasms
  22 goblins
  5 hobgoblins
  3 jackals (D:2)
  A quokka (D:5)
  24 ball pythons
  A bat (D:3)
  6 frilled lizards
  10 kobolds
  35 rats
301 creatures vanquished.

Vanquished Creatures (others)
  3 fungi (D:4)
  A plant (D:9)
4 creatures vanquished.

Grand Total: 305 creatures vanquished

Notes
Turn   | Place    | Note
-------+----------+-------------------------------------------
     0 | D:1      | bmack86 the Minotaur Fighter began the quest for the Orb.
     0 | D:1      | Reached XP level 1. HP: 19/19 MP: 0/0
     6 | D:1      | Noticed a scorpion
     6 | D:1      | Noticed a snapping turtle
     6 | D:1      | Noticed a polar bear
     7 | D:1      | Noticed a wyvern
     7 | D:1      | Noticed a salamander
   367 | D:1      | Reached XP level 2. HP: 27/27 MP: 1/1
   773 | D:1      | Reached skill level 3 in Axes
  1238 | D:2      | Noticed Jessica
  1246 | D:2      | Killed Jessica
  1247 | D:2      | Reached XP level 3. HP: 31/33 MP: 2/2
  1263 | D:2      | Reached XP level 4. HP: 40/40 MP: 3/3
  1269 | D:2      | Reached skill level 1 in Throwing
  1307 | D:2      | Reached skill level 4 in Axes
  1371 | D:2      | Noticed Sigmund
  1377 | D:2      | Noticed Robin
  1384 | D:2      | Killed Sigmund
  1385 | D:2      | Reached XP level 5. HP: 24/47 MP: 4/4
  1385 | D:2      | Reached XP level 6. HP: 27/53 MP: 5/5
  1390 | D:2      | Killed Robin
  1393 | D:2      | Reached skill level 5 in Axes
  2038 | D:3      | Found a glowing golden altar of the Shining One.
  2568 | D:4      | Found a stormy altar of Qazlal.
  2570 | D:4      | Found an ancient bone altar of Kikubaaqudgha.
  2657 | D:4      | Noticed Eustachio
  2667 | D:4      | Found a burning altar of Makhleb.
  2672 | D:4      | Killed Eustachio
  2673 | D:4      | Reached skill level 5 in Fighting
  2673 | D:4      | Reached skill level 5 in Armour
  2673 | D:4      | Reached skill level 5 in Shields
  2673 | D:4      | Reached XP level 7. HP: 59/61 MP: 6/6
  2689 | D:4      | Found an ornate altar of the Wu Jian Council.
  2881 | D:4      | Found a shimmering altar of Xom.
  2935 | D:4      | Found a glowing drain.
  2962 | Sewer    | Entered a sewer
  3001 | Sewer    | Reached skill level 6 in Axes
  3412 | D:4      | Found a runed translucent door.
  3413 | D:4      | Noticed Crazy Yiuf
  3421 | D:4      | Killed Crazy Yiuf
  3930 | D:5      | Entered Level 5 of the Dungeon
  4059 | D:5      | Reached XP level 8. HP: 68/70 MP: 7/7
  4136 | D:5      | Found a staircase to the Ecumenical Temple.
  4142 | D:5      | Noticed Ijyb
  4218 | D:5      | Killed Ijyb
  4219 | D:5      | Reached skill level 7 in Axes
  4224 | Temple   | Entered the Ecumenical Temple
  4287 | Temple   | Became a worshipper of Warmaster Okawaru
  4474 | D:5      | Identified a scroll of acquirement
  4474 | D:5      | Acquired 480 gold pieces
  4580 | D:6      | Reached skill level 1 in Invocations
  4627 | D:6      | Reached * piety under Okawaru
  4897 | D:6      | Reached skill level 8 in Axes
  5153 | D:6      | Reached XP level 9. HP: 78/78 MP: 9/9
  5604 | D:7      | Reached ** piety under Okawaru
  5632 | D:7      | Reached skill level 9 in Axes
  5648 | D:7      | Noticed Pikel
  5655 | D:7      | Killed Pikel
  5656 | D:7      | Reached skill level 5 in Throwing
  6661 | D:8      | Reached *** piety under Okawaru
  6782 | D:8      | Reached XP level 10. HP: 88/88 MP: 11/11
  6820 | D:8      | Reached skill level 10 in Axes
  7224 | D:8      | Found a staircase to the Lair.
  7297 | D:8      | Noticed Psyche
  7306 | D:8      | Killed Psyche
  7429 | D:8      | Reached **** piety under Okawaru
  7464 | D:8      | Noticed a cyclops
  7464 | D:8      | Noticed a manticore
  7465 | D:8      | Noticed a manticore
  7466 | D:8      | Noticed an eight-headed hydra
  7468 | D:8      | Noticed a centaur warrior
  7517 | D:9      | Identified the +0 pair of gloves of Stoicism {Rampage *Slow
                  | MP+9 Str+3}
  7588 | D:9      | Identified the +1 short sword of Devotion {protect, rPois}
  7794 | D:9      | Found Ruzenots's Jewellery Shop.
  8046 | D:9      | You fall into a shaft and drop 2 floors!
  8106 | D:11     | Identified the +4 quarterstaff of Action {freeze, +Blink
                  | Str+3}
  8396 | D:11     | Reached skill level 11 in Axes
  8404 | D:11     | Found a gate leading to a gauntlet.
  8416 | Gauntlet | Entered a Gauntlet
  8416 | Gauntlet | Noticed a worldbinder
  8416 | Gauntlet | Found a transporter.
  8427 | Gauntlet | Found a transporter.
  8429 | Gauntlet | Found a transporter.
  8430 | Gauntlet | Found a transporter.
  8438 | Gauntlet | Found a transporter.
  8438 | Gauntlet | Noticed a rust devil
  8441 | Gauntlet | Found a transporter.
  8442 | Gauntlet | Found a transporter.
  8446 | Gauntlet | Found a runed translucent door.
  8446 | Gauntlet | Found a runed translucent door.
  8450 | Gauntlet | Found a transporter.
  8453 | Gauntlet | Found a transporter.
  8454 | Gauntlet | Found a transporter.
  8465 | Gauntlet | Found a transporter.
  8466 | Gauntlet | Found a transporter.
  8470 | Gauntlet | Found a transporter.
  8470 | Gauntlet | Noticed a green death
  8474 | Gauntlet | Found a transporter.
  8564 | Gauntlet | Noticed a deep elf pyromancer
  8564 | Gauntlet | Noticed a deep elf zephyrmancer
  8564 | Gauntlet | Killed a worldbinder
  8591 | Gauntlet | Killed a rust devil
  8592 | Gauntlet | Reached skill level 5 in Invocations
  8653 | Gauntlet | Reached XP level 11. HP: 88/95 MP: 10/13
  8714 | Gauntlet | Killed a green death
  8717 | Gauntlet | Identified the +0 pair of boots "Boigetits" {Will+}
  8887 | Gauntlet | Identified the +3 scimitar "Juagyum" {heavy, Will+ Str+4
                  | Dex-3 Stlth+}
  8887 | Gauntlet | Noticed a minotaur
  8904 | Gauntlet | Killed a minotaur
  8935 | D:11     | Acquired the +0 pair of boots of Wu Jian's Hatred {Will+
                  | Slay+2}
  9004 | D:10     | Entered Level 10 of the Dungeon
  9194 | D:9      | Bought an amulet of regeneration for 420 gold pieces
  9194 | D:9      | Bought a +4 ring of protection for 504 gold pieces
  9261 | D:10     | Found Tiemye's General Store.
  9267 | D:10     | Bought a scroll of enchant weapon for 112 gold pieces
  9324 | D:10     | Received a gift from Okawaru
  9402 | D:10     | Reached skill level 12 in Axes
  9504 | D:10     | Noticed a two-headed ogre
  9513 | D:10     | Killed a two-headed ogre
  9595 | D:10     | Found a broken altar of Ashenzari.
  9734 | D:10     | Received a gift from Okawaru
 10037 | D:11     | Found a staircase to the Orcish Mines.
 10225 | D:12     | Noticed a deep elf pyromancer
 10231 | D:12     | Killed a deep elf pyromancer
 10231 | D:12     | Received a gift from Okawaru
 10267 | D:12     | Identified the +1 hand axe "Uheteg" {drain, rF+ Dex+2 SInv}
 10286 | D:12     | Noticed a red ugly thing
 10295 | D:12     | Killed a red ugly thing
 10295 | D:12     | Reached ***** piety under Okawaru
 10302 | D:12     | Mangled by a very large slime creature

Illustrated notes

Levels and vault maps discovered:
D:1:      onia_arrival_zoo_common, layout_basic, minmay_fountain_box,
          nrook_mini_vaults, hangedman_decor_peaks_small
D:2:      layout_basic, hangedman_abyss_or_decor_stabs, uniq_jessica,
          uniq_sigmund, uniq_robin
D:3:      layout_basic, tso_altar, chequers_serial_rivers_small_a
D:4:      layout_loops_cross, mainiacjoe_overflow_six_doors_small,
          xom_teletrap_fun, nicolae_overflow_hidden_temple,
          nicolae_wu_jian_immortal_techniques, cheibrodos_sewer_entry_bend,
          uniq_crazy_yiuf_cottage, uniq_eustachio
D:5:      layout_rooms, minmay_temple_entry_statues, uniq_ijyb
D:6:      layout_rooms
D:7:      layout_basic, uniq_pikel
D:8:      minmay_slanted_spiral_squares, layout_basic, lair_entry_dummy,
          grunt_decor_mini_mirrors, serial_park_tiny_1, nrook_pool_corridor,
          uniq_psyche
D:9:      layout_roguey, serial_shops, nicolae_square_shop, serial_bayou_ford_a,
          minmay_liquid_box
D:10:     layout_basic, kennysheep_mini_moat, serial_shops, shop_fountains,
          minmay_holes, serial_bayou_pond_b
D:11:     layout_stronghold, david_orc_2, gauntlet_entry_generic,
          minmay_misc_feat_chi
D:12:     layout_rooms
Temple:   regret_index_temple_waves

Skill      XL: |  1  2  3  4  5  6  7  8  9 10 11 |
---------------+----------------------------------+-----
Axes           | 3 4 5 6 8 9 11 12 | 12.6
Fighting       | 4 5 6 7 8 9 |  9.5
Armour         | 4 5 6 7 8 9 |  9.6
Shields        | 4 5 6 7 8 9 |  9.6
Throwing       | 1 2 3 4 5 6 7 |  7.3
Invocations    | 2 3 5 6 |  6.1

Action                     |  1- 3 |  4- 6 |  7- 9 | 10-12 || total
---------------------------+-------+-------+-------+-------++-------
  Melee: War axe           |    36 |    66 |   300 |   271 ||   673
         Headbutt          |     2 |     5 |    50 |    60 ||   117
  Throw: Boomerang         |       |     5 |    13 |    12 ||    30
 Invoke: Heroism           |       |       |       |     4 ||     4
         Finesse           |       |       |       |     3 ||     3
    Use: Scroll            |     3 |     4 |    11 |    14 ||    32
         Potion            |       |       |       |     2 ||     2
 Armour: Scale mail        |    11 |    20 |   122 |       ||   153
         Chain mail        |       |       |     4 |    69 ||    73
         Plate armour      |       |       |       |    47 ||    47
  Dodge: Dodged            |    49 |    75 |   276 |   131 ||   531
  Block: Buckler           |     7 |    12 |   107 |    68 ||   194

Table legend: (Time is in decaauts)
 A = Elapsed time spent in this place.
 B = Non-inter-level travel time spent in this place.
 C = Inter-level travel time spent in this place.
 D = Time resting spent in this place.
 E = Time spent auto-exploring this place.
 F = Levels seen in this place.
 G = Mean time per level.
                   A        B        C        D        E       F      G
               +--------+--------+--------+--------+--------+-----+--------+
         Total |  10417 |   9782 |    635 |    396 |   5817 |  15 |  694.5 |
       Dungeon |   9418 |   8852 |    566 |    252 |   5712 |  12 |  784.8 |
        Temple |    155 |     86 |     69 |      0 |     65 |   1 |  155.0 |
         Sewer |    363 |    363 |      0 |      0 |     39 |   1 |  363.0 |
      Gauntlet |    479 |    479 |      0 |    144 |      0 |   1 |  479.0 |
               +--------+--------+--------+--------+--------+-----+--------+

Top non-repeatable levels by time:
     D:7: 1332 daAuts
     D:4: 1118 daAuts
     D:1: 1047 daAuts
     D:8: 886 daAuts
     D:3: 870 daAuts
    D:11: 779 daAuts
     D:9: 736 daAuts
     D:6: 724 daAuts
    D:10: 709 daAuts
     D:2: 651 daAuts
     D:5: 486 daAuts
Gauntlet: 479 daAuts
   Sewer: 363 daAuts
  Temple: 155 daAuts
    D:12: 76 daAuts
